cohdb
Replays
Latest Replays
All Replays
Popular Replays
Top Player Replays
Match Explorer
How It Works
Community
CoH3 Stats
Reddit
Sign in to upload your games and track your stats! →
Sign in with Steam
Match 43241958
Unlisted
Match 43241958
Overview
Messages
Build Orders
End
Construct Barracks
Selects Heavy Weapons
1⁄4-ton 4x4 Truck
Scout Squad
Riflemen Squad
Riflemen Squad
Riflemen Squad
Grenade Package
Construct Weapon Support Center
M1919 Machine Gun Team
Mechanized Support Center
Selects Assault Carriers
Selects Exchangeable Parts
M3 Assault Carrier
Construct Medical Station
Designate Forward Repair Station
M1919 Machine Gun Team
Construct Motor Pool
Selects M2HB .50cal Heavy Machine Gun
M3 75 mm Gun Motor Carriage
Engineer Squad
Designate Forward Repair Station
M3 75 mm Gun Motor Carriage
M1919 Machine Gun Team
Riflemen Squad
AI Takeover
HaKun233
SkyCurv
0
0
Comments
sign in to comment!
No comments posted yet!